Map: Data-C

Players

A.I. 1 (Very Easy) - Winner!

  • Race: Protoss Protoss
  • Spawn Location: 3:00

CptCrazy

  • Race: Zerg Zerg
  • League: Bronze
  • Spawn Location: 9:00

VOD

Have the link to the VOD?

Description

Time

  • Played on: Oct. 6, 2022, 7:07 a.m.
  • Length: 10:43
Show
View Real Time Build Order
Export as new Build Order

A.I. 1 (Very Easy) Protoss - Winner!

Build Orders:  

Get SALT Encoding   

  12  0:00  Probe  
  13  0:13  Probe  
  14  0:19  Pylon  
  14  0:37  Assimilator  
  14  0:43  Gateway  
  14  0:46  Pylon  
  14  1:16  Assimilator  
  14  1:18  Probe  
  15  1:26  Probe  
  16  1:33  Cybernetics Core  
  16  1:34  Probe  
  17  1:44  Probe  
  18  1:56  Probe  
  18  2:00  Warp Gate  
  19  2:04  Probe  
  20  2:11  Stalker  
  22  4:15  Probe  
  22  5:39  Zealot  
  22  5:40  Probe  
  25  5:43  Pylon  
  25  5:46  Robotics Facility  
  25  5:52  Probe  
  26  6:05  Probe  
  25  6:14  Probe  
  26  6:22  Probe  
  26  6:23  Pylon  
  26  6:31  Probe  
  27  6:32  Zealot  
  27  6:34  Observer  
  31  6:56  Observer  
  32  7:10  Nexus  
  31  7:26  Stalker  
  32  8:23  Probe  
  33  8:29  Probe, Assimilator  
  34  8:34  Assimilator  
  34  8:36  Probe  
  34  8:41  Probe  
  35  8:48  Probe  
  37  8:59  Probe  
  38  9:06  Probe  
  39  9:14  Probe  
  40  9:21  Probe  
  41  9:24  Probe  
  42  9:35  Probe  
  43  9:38  Probe  
  44  9:49  Probe  
  45  9:57  Probe  
  46  10:04  Probe  
  47  10:08  Stalker  
  47  10:10  Pylon  
  44  10:18  Probe  
  35  10:28  Probe  
  26  10:37  Zealot  
Show
View Real Time Build Order
Export as new Build Order

CptCrazy Zerg 

Build Orders: Hatch First, Roach Hydra 

Get SALT Encoding   

  12  0:01  Drone  
  13  0:14  Overlord  
  13  0:25  Drone  
  14  0:32  Drone  
  14  0:33  Drone  
  16  0:51  Hatchery  
  16  0:53  Drone  
  16  0:56  Drone  
  17  1:07  Drone  
  18  1:14  Extractor  
  17  1:22  Spawning Pool  
  17  1:24  Drone x2  
  18  1:31  Drone  
  19  1:44  Drone  
  20  1:51  Overlord  
  20  2:09  Queen  
  20  2:10  Queen  
  20  2:15  Zergling x4  
  26  2:23  Drone x3  
  29  2:34  Metabolic Boost  
  29  2:43  Drone x3  
  32  2:50  Overlord  
  32  2:51  Overlord  
  32  3:01  Drone x2  
  34  3:09  Drone  
  34  3:11  Drone  
  36  3:15  Extractor  
  36  3:18  Extractor  
  34  3:26  Evolution Chamber  
  33  3:32  Drone  
  33  3:33  Drone x3  
  37  3:34  Roach Warren, Drone x2  
  38  3:45  Drone x2  
  40  3:53  Lair  
  40  3:58  Queen  
  42  4:18  Zerg Missile Weapons Level 1  
  42  4:29  Drone x4  
  42  4:30  Drone x3  
  50  4:31  Drone  
  50  4:32  Overlord x2  
  50  4:33  Drone  
  51  4:51  Hatchery  
  51  4:52  Glial Reconstitution  
  50  4:54  Roach  
  50  4:55  Roach x6  
  64  5:31  Spore Crawler  
  64  5:32  Spore Crawler  
  62  5:41  Overlord  
  62  5:42  Overlord x2  
  62  6:03  Evolution Chamber  
  60  6:22  Queen  
  62  6:27  Zerg Missile Weapons Level 2  
  62  6:29  Zerg Ground Armor Level 1  
  62  6:35  Drone  
  62  6:36  Hydralisk Den, Drone x13  
  62  6:37  Drone x6  
  62  6:38  Overlord x3  
  81  6:46  Pneumatized Carapace  
  81  6:52  Extractor  
  80  6:55  Extractor x2  
  78  7:23  Drone x3  
  78  7:24  Drone x4  
  78  7:25  Drone x6  
  91  7:48  Grooved Spines  
  91  7:52  Overlord x3, Hydralisk  
  91  7:53  Hydralisk x2, Roach x3  
  91  7:54  Roach  
  105  8:17  Hatchery  
  104  8:23  Queen  
  106  8:58  Overseer  
  106  8:59  Overseer, Muscular Augments  
  106  9:01  Overseer  
  106  9:09  Overlord  
  106  9:10  Overlord x4  
  106  9:11  Hydralisk x5, Roach x2  
  106  9:12  Hydralisk x2, Roach x6  
  136  9:46  Hydralisk x5  
  136  9:47  Hydralisk x2, Roach x6  
  136  9:48  Roach  
  136  9:50  Overlord x4  
  164  9:58  Lurker Den  
Tags
 
Composition
Roach Hydra
League
Bronze
Matchup
PvZ
Spawn Locations
Cross Positions
Add a new tag
Caveats
  • Supply blocks, unpowered buildings, or Contaminate may cause inaccurate times.
  • Supply counts are checked every 10 seconds.